 Dungeon Crawl Stone Soup version 0.27-a0-1193-g8631133539 (webtiles) character file.

Game seed: 16176324164026681859

287 mordus the Chiller (level 6, -5/45 HPs)
             Began as a Draconian Ice Elementalist on May 26, 2021.
             Slain by a gnoll shaman
             ... wielding a +1 whip of electrocution
              (17 damage)
             ... on level 4 of the Dungeon.
             The game lasted 00:12:14 (3465 turns).

mordus the Chiller (Draconian Ice Elementalist)     Turns: 3465, Time: 00:12:16

Health: -5/45      AC:  7    Str: 10    XL:     6   Next: 8%
Magic:  17/20      EV: 12    Int: 17    God:
Gold:   93         SH:  0    Dex: 12    Spells: 8/12 levels left

rFire    . . .     SeeInvis .   h - +1 short sword (elec)
rCold    . . .     Faith    .   (no shield)
rNeg     . . .     Spirit   .   (armour unavailable)
rPois    .         Reflect  .   (helmet restricted)
rElec    .         Harm     .   k - +0 cloak
rCorr    +         Rampage  .   (no gloves)
Will     .....                  (no boots)
Stlth    +.........             (no amulet)
HPRegen  0.15/turn              b - ring of magical power
MPRegen  0.17/turn              a - ring of resist corrosion

@: lit by a corona, freezing walls, glowing
A: AC +6, unfitting armour, cold-blooded
a: no special abilities


You were on level 4 of the Dungeon.
You visited 1 branch of the dungeon, and saw 4 of its levels.

You collected 93 gold pieces.

Inventory:

Hand Weapons
 h - a +1 short sword of electrocution (weapon)
 i - a +0 vampiric dagger
Missiles
 j - 3 curare-tipped darts
Armour
 k - a +0 cloak (worn)
Magical Staves
 f - a staff of fire
Jewellery
 a - a ring of resist corrosion (right hand)
 b - a ring of magical power (left hand)
Scrolls
 c - 2 scrolls of enchant armour {unknown}
 d - a scroll of holy word {unknown}
 e - 3 scrolls of identify {unknown}
 g - a scroll of amnesia {unknown}


   Skills:
 + Level 3.0 Short Blades
 - Level 1.7 Dodging
 - Level 1.7 Stealth
 + Level 3.8 Spellcasting
 + Level 5.4 Ice Magic


You had 8 spell levels left.
You knew the following spells:

 Your Spells              Type           Power      Damage    Failure   Level
a - Freeze                Ice            84%        1d10      1%          1
b - Frozen Ramparts       Ice            42%        1d6       5%          3

Your spell library contained the following spells:

 Spells                   Type           Power      Damage    Failure   Level
 Ozocubu's Armour         Ice            21%        N/A       5%          3
 Hailstorm                Conj/Ice       12%        3d5       45%         4
 Metabolic Englaciation   Hex/Ice        6%         N/A       82%         5


Dungeon Overview and Level Annotations

Branches:
Dungeon (4/15)
 Temple: D:4-7

Altars:
Wu Jian

Shops:
D:1 [[*


Innate Abilities, Weirdness & Mutations

Your plain brown scales are hard. (AC +6)
You cannot fit into any form of body armour.
You are cold-blooded and may be slowed by cold attacks.


Message History

Confirm with . or Enter, or press ? or * to list all spells.
You can't see any susceptible monsters within range! (Use Z to cast anyway.)
Casting: Freeze (safe; 1% risk of failure)
Confirm with . or Enter, or press ? or * to list all spells.
Casting: Frozen Ramparts (dangerous; 5% risk of failure)
Press: ? - help, Dir - look around, f - activate The walls around you are covered in ice.
The wall freezes the gnoll shaman.
You hit the gnoll.
The gnoll is lightly wounded.
The wall freezes the gnoll.
You hit the gnoll.
The gnoll is moderately wounded.
The wall freezes the gnoll.
The gnoll barely misses you.
The wall freezes the gnoll.
The gnoll barely misses you.
The wall freezes the gnoll.
The gnoll hits you from afar with a +0 spear.
The wall freezes the gnoll shaman.
The gnoll shaman hits you with a +1 whip of electrocution!
You hit the gnoll.
The gnoll is almost dead.
The wall freezes the gnoll.
You kill the gnoll!
The wall freezes the gnoll.
The gnoll hits you but does no damage.
The wall freezes the gnoll shaman.
The gnoll shaman hits you with a +1 whip of electrocution.
Casting: Frozen Ramparts (dangerous; 5% risk of failure)
Confirm with . or Enter, or press ? or * to list all spells.
Aiming: Freeze (safe; 1% risk of failure)
Press: ? - help, Shift-Dir - straight line, f - gnoll shaman
Aim: a gnoll shaman, wielding a +1 whip of electrocution and wearing a +0 robe (heavily wounded)
You freeze the gnoll shaman.
The gnoll shaman is heavily wounded.
The wall freezes the gnoll.
The gnoll hits you from afar with a +0 spear.
The wall freezes the gnoll shaman.
The gnoll shaman hits you with a +1 whip of electrocution.
* * * LOW HITPOINT WARNING * * *
You are electrocuted!
You die...

### ..## ### # ...###
#.# ##### .....#
#.#### #.... .....#
##..gg##### #....
.....#
##.g....g..####....
.....#
##g.######..........
.....# ####.g####
#####g.(..#
.....######....)@..#
#####))
..#####.............#
###
#..................##
###...............##
##........#...###
#..†..#..##..##
#........#####
#........##
#.#....#.#


You could see a gnoll shaman and a gnoll.

Vanquished Creatures
  Crazy Yiuf (D:3)
  2 iguanas (D:4)
  A hound skeleton (D:2)
  5 gnolls (D:4)
  A howler monkey skeleton (D:3)
  6 adders
  An ufetubus (D:4)
  A worm (D:3)
  A dart slug (D:1)
  11 ball pythons
  7 endoplasms
  A giant cockroach (D:1)
  7 goblins
  4 hobgoblins
  2 jackals (D:3)
  8 kobolds
  5 quokkas
  3 bats
  A frilled lizard (D:1)
  6 rats
74 creatures vanquished.

Notes
Turn   | Place    | Note
-------+----------+-------------------------------------------
     0 | D:1      | mordus the Draconian Ice Elementalist began the quest for
                  | the Orb.
     0 | D:1      | Reached XP level 1. HP: 14/14 MP: 3/3
    55 | D:1      | Found Mexowog's Antique Armour Emporium.
   394 | D:1      | Found Qoitry's Armour Shop.
   407 | D:1      | Reached XP level 2. HP: 20/20 MP: 5/5
   611 | D:1      | Found Kaokeixa's General Store.
   723 | D:1      | Found a faded altar of an unknown god.
   900 | D:2      | Reached skill level 1 in Short Blades
   900 | D:2      | Reached XP level 3. HP: 21/26 MP: 6/6
  1311 | D:2      | Reached XP level 4. HP: 26/33 MP: 8/8
  1404 | D:2      | Learned a level 3 spell: Frozen Ramparts
  2167 | D:3      | Found an ornate altar of the Wu Jian Council.
  2328 | D:3      | Found a runed translucent door.
  2329 | D:3      | Noticed Crazy Yiuf
  2718 | D:3      | Killed Crazy Yiuf
  2719 | D:3      | Reached skill level 5 in Ice Magic
  2719 | D:3      | Reached XP level 5. HP: 38/38 MP: 10/10
  3396 | D:4      | Reached XP level 6. HP: 43/45 MP: 11/11
  3465 | D:4      | Slain by a gnoll shaman

Illustrated notes

Levels and vault maps discovered:
D:1:      kennysheep_arrival_forest, layout_rooms, serial_shops,
          nicolae_shop_statue_plus, shop_fountains, shop,
          chequers_ecumenical_altar_simple
D:2:      layout_loops_ring, kennysheep_generic_room_12
D:3:      layout_rooms, nicolae_wu_jian_wuxing_cycle, serial_curves,
          eino_curves_04, eino_curves_01, uniq_crazy_yiuf_cottage
D:4:      layout_cave_pods, nicolae_hepliaklqana_hippocampus,
          minmay_temple_entry_crystal_x, corexii_corridor_pit

Skill      XL: |  1  2  3  4  5 |
---------------+----------------+-----
Short Blades   | 1 2 3 |  3.0
Spellcasting   | 3 |  3.8
Ice Magic      | 5 |  5.4
Dodging        | |  1.7
Stealth        | |  1.7

Action                   |  1- 3 |  4- 6 || total
-------------------------+-------+-------++-------
Melee: Short sword       |    25 |    30 ||    55
       Tailslap          |     6 |     2 ||     8
       Unarmed           |     1 |       ||     1
       Dagger            |    14 |    32 ||    46
 Cast: Freeze            |    45 |    37 ||    82
       Frozen Ramparts   |       |     7 ||     7
 Stab: Sleeping          |     1 |     2 ||     3
Armor: Skin              |    22 |    25 ||    47
Dodge: Dodged            |    37 |    58 ||    95

Table legend: (Time is in decaauts)
 A = Elapsed time spent in this place.
 B = Non-inter-level travel time spent in this place.
 C = Inter-level travel time spent in this place.
 D = Time resting spent in this place.
 E = Time spent auto-exploring this place.
 F = Levels seen in this place.
 G = Mean time per level.
                   A        B        C        D        E       F      G
               +--------+--------+--------+--------+--------+-----+--------+
         Total |   3461 |   3375 |     86 |    795 |   1877 |   4 |  865.2 |
       Dungeon |   3461 |   3375 |     86 |    795 |   1877 |   4 |  865.2 |
               +--------+--------+--------+--------+--------+-----+--------+

Top non-repeatable levels by time:
     D:3: 969 daAuts
     D:2: 957 daAuts
     D:1: 882 daAuts
     D:4: 652 daAuts
